 Dungeon Crawl Stone Soup version 0.31-a0-202-g547052bce9 (webtiles) character file.

Game seed: 1642008096653675049

384 Strat the Chopper (level 7, -1/48 HPs)
             Began as a Human Wanderer on June 26, 2023.
             Was an Initiate of Yredelemnul.
             Slain by a black bear (4 damage)
             ... on level 5 of the Dungeon.
             The game lasted 00:07:18 (4306 turns).

Strat the Chopper (Human Wanderer)                  Turns: 4306, Time: 00:07:19

Health: -1/48      AC:  6    Str: 12    XL:     7   Next: 6%
Magic:  8/8        EV: 10    Int: 16    God:    Yredelemnul [......]
Gold:   219        SH:  0    Dex: 14    Spells: 7/8 levels left

rFire   . . .        a - +2 hand axe
rCold   + . .        (no shield)
rNeg    . . .        f - +0 leather armour
rPois   .            (no helmet)
rElec   .            b - +1 cloak
rCorr   .            e - +0 pair of gloves
SInv    .            (no boots)
Will    .....        (no amulet)
Stlth   +            r - ring "Ropsiuji" {Wiz rC+ Int+3}
HPRegen 0.28/turn    (no ring)
MPRegen 0.11/turn

%: wizardry (x1)
@: no status effects
A: no striking features
a: Renounce Religion, Recall Undead Harvest


You were on level 5 of the Dungeon.
You worshipped Yredelemnul.
Yredelemnul was noncommittal.
You visited 1 branch of the dungeon, and saw 5 of its levels.

You collected 219 gold pieces.

Inventory:

Hand Weapons
 a - a +2 hand axe (weapon)
Missiles
 i - 9 poisoned darts
Armour
 b - a +1 cloak (worn)
 e - a +0 pair of gloves (worn)
 f - a +0 leather armour (worn)
 n - a +0 chain mail
 o - a +2 tower shield
Jewellery
 r - the ring "Ropsiuji" (left hand) {Wiz rC+ Int+3}
   (You found it on level 2 of the Dungeon)

   [ring of wizardry]

   It improves your spell success rate.
   Int:       It affects your intelligence (+3).
   rC:        It protects you from cold.
 u - a ring of wizardry
Scrolls
 c - a scroll of fear
 d - a scroll of teleportation {unknown}
Potions
 g - 3 potions of mutation {unknown}
 h - 3 potions of heal wounds {unknown}
 k - a potion of cancellation {unknown}
 m - 2 potions of ambrosia {unknown}
 q - a potion of attraction {unknown}
 s - a potion of enlightenment {unknown}


   Skills:
 - Level 1.0 Fighting
 + Level 7.4 Axes
 - Level 1.0 Armour
 - Level 1.0 Stealth
 - Level 1.0 Spellcasting
 - Level 2.0 Hexes
 + Level 2.6 Invocations


You had 7 spell levels left.
You knew the following spells:

 Your Spells              Type           Power      Damage    Failure   Level
a - Slow                  Hex            28%        N/A       5%          1

Your spell library contained the following spells:

 Spells                   Type           Power      Damage    Failure   Level
 Dazzling Flash           Conj/Hex       8%         N/A       22%         3


Dungeon Overview and Level Annotations

Branches:
Dungeon (5/15)
 Temple: D:4-7

Altars:
Yredelemnul


Message History

The black bear closely misses you. The black bear claws you.
The black bear closely misses you.
You hit the black bear. Your punch misses the black bear.
The black bear is heavily wounded.
The black bear bites you. The black bear claws you. x2
You closely miss the black bear.
The black bear is heavily wounded.
The black bear bites you!
* * * LOW HITPOINT WARNING * * *
The black bear claws you.
* * * LOW HITPOINT WARNING * * *
The black bear claws you.
* * * LOW HITPOINT WARNING * * *
You slash the black bear!
The black bear is severely wounded.
The black bear bites you.
* * * LOW HITPOINT WARNING * * *
The black bear closely misses you. The black bear claws you.
* * * LOW HITPOINT WARNING * * *
You closely miss the black bear.
The black bear is severely wounded.
The black bear bites you.
* * * LOW HITPOINT WARNING * * *
The black bear claws you but does no damage.
The black bear misses you.
You hit the black bear but do no damage.
The black bear is severely wounded.
The black bear misses you. The black bear completely misses you.
The black bear claws you.
* * * LOW HITPOINT WARNING * * *
You slash the black bear!
The black bear is almost dead.
The black bear goes berserk!
You barely miss the black bear.
The black bear is almost dead.
The black bear bites you.
* * * LOW HITPOINT WARNING * * *
The black bear claws you.
You die...
Your body rises from the dead as a mindless zombie.

#.##..# #######
..#.....#
#.....##..###...###
#.....# #>........##
####.....###..####.#...
..........##..# #.#...
##......##..####.#..#
#.......##...........
#...@........###....#
......h#........#
######
...#.#.#.#.###.## ....
#.#.#.# #.# ##
#.#.#.###.# ....#.....#
#...#.############# ##
.#..............
#.#############


You could see a black bear (berserk).

Vanquished Creatures
  A black bear (D:4)
  A scorpion (D:4)
  2 hounds (D:4)
  6 adders
  A gnoll (D:4)
  A worm (D:2)
  2 dart slugs
  An orc (D:3)
  3 ball pythons (D:1)
  9 endoplasms
  3 giant cockroaches
  5 hobgoblins
  7 jackals (D:3)
  14 kobolds
  5 quokkas
  4 bats
  4 frilled lizards
  7 goblins
  9 rats
85 creatures vanquished.

Vanquished Creatures (collateral kills)
  2 adders
  A dart slug (D:3)
  A giant cockroach (D:2)
  A ball python (D:2)
5 creatures vanquished.

Vanquished Creatures (others)
  A black bear zombie (D:4)
  A bat zombie (D:2)
  A gnoll zombie (D:4)
  A hobgoblin zombie (D:4)
  A jackal zombie (D:3)
  A kobold zombie (D:4)
6 creatures vanquished.

Grand Total: 96 creatures vanquished

Notes
Turn   | Place    | Note
-------+----------+-------------------------------------------
     0 | D:1      | Strat the Human Wanderer began the quest for the Orb.
     0 | D:1      | Strat set off with the following items: a +2 hand axe, a +0
                  | cloak, a scroll of fear, a +0 robe; and the following spell
                  | memorised: Slow; and the following spells available to
                  | memorise: Dazzling Flash.
     0 | D:1      | Reached XP level 1. HP: 15/15 MP: 2/2
   106 | D:1      | Reached XP level 2. HP: 21/21 MP: 3/3
   558 | D:1      | Reached XP level 3. HP: 26/26 MP: 4/4
   663 | D:1      | Reached skill level 5 in Axes
  1232 | D:2      | Found a faded altar of an unknown god.
  1245 | D:2      | Reached XP level 4. HP: 32/32 MP: 5/5
  1245 | D:2      | Prayed at the altar of an unknown god.
  1245 | D:2      | Became a worshipper of Yredelemnul the Dark
  1245 | D:2      | Reached * piety under Yredelemnul
  1629 | D:2      | Identified the ring "Ropsiuji" {Wiz rC+ Int+3}
  1910 | D:2      | Reached XP level 5. HP: 27/37 MP: 6/6
  2016 | D:3      | Reached skill level 6 in Axes
  2447 | D:3      | Reached ** piety under Yredelemnul
  3035 | D:4      | Noticed a black bear
  3457 | D:4      | Reached XP level 6. HP: 37/43 MP: 7/7
  3613 | D:4      | Reached skill level 7 in Axes
  3613 | D:4      | Reached skill level 1 in Invocations
  3653 | D:4      | Killed a black bear
  3654 | D:4      | Reached XP level 7. HP: 32/48 MP: 8/8
  4236 | D:5      | Entered Level 5 of the Dungeon
  4306 | D:5      | Slain by a black bear

Illustrated notes

Levels and vault maps discovered:
D:1:      lemuel_arrival_cross, layout_basic
D:2:      kennysheep_six_static_rooms, layout_rooms, basic_ecumenical_altar,
          chequers_serial_rivers_room_b, nicolae_half_adder
D:3:      layout_basic
D:4:      layout_loops_ring, lightli_minifort
D:5:      layout_basic, minmay_temple_entry_slanted, serial_corexii_hall,
          chequers_hall_statues_wall_a, chequers_hall_statues_y, uniq_eustachio,
          uniq_pikel

Skill      XL: |  1  2  3  4  5  6 |
---------------+-------------------+-----
Axes           | 5 6 7 |  7.4
Invocations    | 2 |  2.6
Fighting       | |  1.0
Armour         | |  1.0
Stealth        | |  1.0
Spellcasting   | |  1.0
Hexes          | |  2.0

Action                     |  1- 3 |  4- 6 |  7- 9 || total
---------------------------+-------+-------+-------++-------
  Melee: Hand axe          |   108 |   141 |    21 ||   270
         Punch             |     2 |       |     2 ||     4
    Use: Scroll            |       |     5 |       ||     5
   Stab: Sleeping          |     2 |     3 |       ||     5
         Distracted        |       |     1 |       ||     1
 Armour: Leather armour    |    30 |    51 |     4 ||    85
  Dodge: Dodged            |    53 |    84 |    12 ||   149

Table legend: (Time is in decaauts)
 A = Elapsed time spent in this place.
 B = Non-inter-level travel time spent in this place.
 C = Inter-level travel time spent in this place.
 D = Time resting spent in this place.
 E = Time spent auto-exploring this place.
 F = Levels seen in this place.
 G = Mean time per level.
                   A        B        C        D        E       F      G
               +--------+--------+--------+--------+--------+-----+--------+
         Total |   4310 |   4174 |    136 |    539 |   2691 |   5 |  862.0 |
       Dungeon |   4310 |   4174 |    136 |    539 |   2691 |   5 |  862.0 |
               +--------+--------+--------+--------+--------+-----+--------+

Top non-repeatable levels by time:
     D:3: 1268 daAuts
     D:1: 1099 daAuts
     D:4: 960 daAuts
     D:2: 912 daAuts
     D:5: 69 daAuts
